 Dungeon Crawl Stone Soup version 0.17-a0-1635-gd4e48f1 (webtiles) character file.

121 hexophile the Insei (level 5, -5/33 HPs)
             Began as an Octopode Transmuter on Aug 4, 2015.
             Killed from afar by Ijyb (14 damage)
             ... with a wand of frost
             ... on level 3 of the Dungeon.
             The game lasted 00:04:29 (3625 turns).

hexophile the Insei (Octopode Transmuter)           Turns: 3625, Time: 00:04:29

Health: -5/33      AC:  1    Str: 10    XL:     5   Next: 5%
Magic:  4/8        EV: 12    Int: 16    God:
Gold:   56         SH:  0    Dex: 12    Spells: 2 memorised, 5 levels left

rFire  . . .     SeeInvis .       - Unarmed
rCold  . . .     Clarity  .     (no shield)
rNeg   . . .     SustAt   .     (helmet restricted)
rPois  .         Gourm    .     (no amulet)
rElec  .         Spirit   .     (no ring)
rCorr  .         Warding  .     (no ring)
rMut   .         Stasis   .     (no ring)
MR     .....                    (no ring)
Stlth  ++........               (no ring)
                                (no ring)
                                (no ring)
                                (no ring)

@: appendage, very slightly contaminated, not resistant to hostile enchantments,
unstealthy
A: almost no armour, amphibious, 8 rings, constrict 8, tentacle spike 3,
camouflage 1, gelatinous body 1
a: End Transformation


You were on level 3 of the Dungeon.
You were not hungry.
One of your tentacles had a temporary spike.
You visited 1 branch of the dungeon, and saw 3 of its levels.

You collected 56 gold pieces.

Inventory:

Hand weapons
 j - a cursed -3 short sword
Missiles
 a - 5 arrows
 g - 119 stones (quivered)
Scrolls
 h - 2 scrolls of teleportation {unknown}
 k - 2 scrolls of identify {unknown}
 n - a scroll of fear {unknown}
 o - a scroll of fog {unknown}
 q - a scroll of remove curse {unknown}
 r - a scroll of enchant armour {unknown}
Potions
 d - a potion of agility {unknown}
 e - a potion of haste {unknown}
 i - a potion of curing {unknown}
Books
 b - a book of Changes

   Spells                             Type                      Level
   a - Beastly Appendage              Transmutation                1
   b - Sticks to Snakes               Transmutation                2
   c - Spider Form                    Transmutation/Poison         3
   d - Ice Form                       Ice/Transmutation            4
   e - Blade Hands                    Transmutation                5
Comestibles
 c - 3 bread rations
 f - a meat ration
 l - 12 fruits
 m - a beef jerky
 p - a royal jelly
 s - a chunk of flesh


   Skills:
 - Level 1.0 Fighting
 - Level 2.0 Dodging
 + Level 4.1 Unarmed Combat
 - Level 2.0 Spellcasting
 * Level 4.1 Transmutations


You had 5 spell levels left.
You knew the following spells:

 Your Spells              Type           Power        Failure   Level  Hunger
a - Beastly Appendage     Trmt           ##....       4%          1    #......
b - Sticks to Snakes      Trmt           ##........   8%          2    ###....


Dungeon Overview and Level Annotations

Branches:
Dungeon (3/15)

Altars:
Fedhas

Annotations:
D:3 Ijyb


Innate Abilities, Weirdness & Mutations

You cannot wear most types of armour.
You are amphibious.
You can wear up to eight rings at the same time.
You can use your tentacles to constrict eight enemies at once.
Your skin changes colour to match your surroundings (Stealth).
Your rubbery body absorbs attacks (AC +1).
One of your tentacles bears a large vicious spike.


Message History

Ijyb zaps a wand.
The puff of frost hits you!
Your ball python bites Ijyb.
Your ball python constricts Ijyb.
You tentacle-slap Ijyb. You squeeze Ijyb.
Ijyb is moderately wounded.
Ijyb hits you with a dagger.
Your ball python bites Ijyb but does no damage.
Your ball python constricts Ijyb.
Unknown command.
You tentacle-slap Ijyb. You squeeze Ijyb.
Ijyb is severely wounded.
Ijyb hits you with a dagger.
* * * LOW HITPOINT WARNING * * *
Your ball python bites Ijyb but does no damage.
Your ball python constricts Ijyb.
Unknown command.
You barely miss Ijyb.
You pierce Ijyb, but do no damage.
You squeeze Ijyb, but do no damage.
Ijyb is severely wounded.
Ijyb zaps a wand.
The puff of frost hits you!
You die...

#.# #.# #.# #.# #.# #.#
.#######.#########
.'......?...............
######@S#########.....#
#.g#########.....#
#...).....##.....#
#.#######.##.....# #.#
#.##.....# #.#
#.##.....# ...
#.##.....# #.#
#.##.....# #. #.##.....#


You could see Ijyb and a friendly ball python.

Vanquished Creatures
  2 adders (D:2)
  An ooze (D:2)
  2 worms (D:2)
  7 orcs (D:3)
  7 bats
  8 goblins
  15 hobgoblins
  5 jackals
  4 giant cockroaches
  2 giant newts
  14 kobolds
  3 quokkas (D:2)
  6 rats (D:1)
76 creatures vanquished.

Vanquished Creatures (collateral kills)
  3 orcs (D:3)
  A goblin (D:2)
  A bat (D:3)
5 creatures vanquished.

Grand Total: 81 creatures vanquished

Notes
Turn   | Place    | Note
--------------------------------------------------------------
     0 | D:1      | hexophile the Octopode Transmuter began the quest for the Orb.
     0 | D:1      | Reached XP level 1. HP: 13/13 MP: 3/3
   239 | D:1      | Reached XP level 2. HP: 15/18 MP: 5/5
   893 | D:1      | Reached XP level 3. HP: 19/23 MP: 6/6
  1713 | D:2      | Learned a level 2 spell: Sticks to Snakes
  1807 | D:2      | Reached XP level 4. HP: 23/28 MP: 3/7
  2047 | D:2      | Found a blossoming altar of Fedhas.
  2158 | D:2      | Reached skill level 4 in Unarmed Combat
  3277 | D:3      | Noticed a wasp
  3305 | D:3      | HP: 1/28 [orc/dagger (3)]
  3306 | D:3      | Reached XP level 5. HP: 1/33 MP: 0/8
  3612 | D:3      | Noticed Ijyb
  3625 | D:3      | Killed from afar by Ijyb

Vault maps used:
D:1:      lightli_arrival_quake
D:2:      first_bread, fedhas_altar_fruit_tree
D:3:      corexii_shack_village, nemelex_xobeh_ov_fountains_minmay,
          nicolae_overflow_crystal_walls, uniq_iyjb

Action                   |  1- 3 |  4- 6 || total
-------------------------+-------+-------++-------
Melee: Unarmed           |    98 |    86 ||   184
 Cast: Beastly Appendage |    19 |    16 ||    35
       Sticks to Snakes  |     1 |     6 ||     7
 Stab: Sleeping          |     4 |     2 ||     6
  Eat: Chunk             |     3 |     7 ||    10
